 Dungeon Crawl Stone Soup version 0.29.1-2-gbd0b4ee654 (webtiles) character file.

Game seed: 3959664325167386006

1707 KittyFluff the Cudgeller (level 9, -9/81 HPs)
             Began as a Gargoyle Berserker on Nov 23, 2022.
             Was an Elder of Trog.
             Mangled by an orc warrior
             ... wielding a +1 flail of protection
              (11 damage)
             ... on level 5 of the Dungeon.
             The game lasted 00:29:29 (6007 turns).

KittyFluff the Cudgeller (Gargoyle Berserker)       Turns: 6007, Time: 00:29:30

Health: -9/81      AC: 12    Str: 22    XL:     9   Next: 3%
Magic:  9/9        EV: 12    Int:  7    God:    Trog [****..]
Gold:   294        SH:  5    Dex: 13    Spells: 8/8 levels left

rFire   . . .      SeeInvis .   v - +10 whip "Vuf Maho" {vorpal, rN+}
rCold   + . .      Faith    .   e - +0 buckler
rNeg    + + .      Spirit   .   m - +0 leather armour {rC+}
rPois   ∞          Reflect  .   (no helmet)
rElec   +          Harm     .   s - +0 cloak
rCorr   +          Rampage  .   o - +0 pair of gloves
Will    +....                   (no boots)
Stlth   ..........              (no amulet)
HPRegen 0.23/turn               j - ring of willpower
MPRegen 0.11/turn               p - ring of resist corrosion

@: berserking, very quick
A: sickness immunity, AC +6, negative energy resistance 1, electricity
resistance, torment resistance 1, petrification resistance
a: Renounce Religion, Berserk, Trog's Hand, Brothers in Arms


You were on level 5 of the Dungeon.
You worshipped Trog.
Trog was greatly pleased with you.
You visited 1 branch of the dungeon, and saw 6 of its levels.
You also visited: Ossuary.

You collected 294 gold pieces.

Inventory:

Hand Weapons
 l - a +6 scythe of venom
 r - a +0 quarterstaff
 v - the +10 whip "Vuf Maho" (weapon) {vorpal, rN+}
   (You found it on level 4 of the Dungeon)

   It inflicts extra damage upon your enemies.
   rN:        It protects you from negative energy.
 H - a +0 quarterstaff
 I - a +0 flail of draining
Missiles
 u - 6 poisoned darts (quivered)
 G - 3 throwing nets
Armour
 e - a +0 buckler (worn)
 m - a +0 leather armour of cold resistance (worn)
 o - a +0 pair of gloves (worn)
 s - a +0 cloak (worn)
 w - a +3 ring mail
Jewellery
 j - a ring of willpower (left hand)
 k - a ring of fire
 p - a ring of resist corrosion (right hand)
Wands
 J - a wand of mindburst (10)
Scrolls
 a - a scroll of torment {unknown}
 b - a scroll of fear {unknown}
 f - a scroll of enchant weapon {unknown}
 i - 2 scrolls of poison {unknown}
 n - a scroll of immolation {unknown}
 t - 2 scrolls of enchant armour {unknown}
 x - 2 scrolls of magic mapping {unknown}
 y - 3 scrolls of amnesia {unknown}
 A - 3 scrolls of teleportation {unknown}
 B - a scroll of silence {unknown}
 E - a scroll of summoning {unknown}
 K - a scroll of vulnerability {unknown}
Potions
 c - 4 potions of attraction
 d - 5 potions of curing
 h - a potion of might
 q - a potion of flight
 z - a potion of mutation {unknown}
 C - a potion of lignification {unknown}
 D - a potion of heal wounds {unknown}
 F - a potion of haste {unknown}


   Skills:
 + Level 5.3 Fighting
 + Level 7.5 Maces & Flails
 * Level 5.7 Armour
 + Level 3.5 Dodging
 + Level 2.6 Stealth
 * Level 4.2 Shields


You had 8 spell levels left.
You didn't know any spells.
Your spell library was empty.

Dungeon Overview and Level Annotations

Branches:
Dungeon (6/15)             Temple (0/1) D:4         Ossuary (visited)

Altars:
Kikubaaqudgha


Innate Abilities, Weirdness & Mutations

You are immune to sickness and miasma.
Your stone body is resilient. (AC +6)
You are immune to poison.
You resist negative energy. (rN+)
You are resistant to electric shocks. (rElec)
You are resistant to unholy torment.
You are immune to petrification.


Message History

You hit the orc warrior.
The orc warrior is lightly wounded.
The orc warrior barely misses you.
You hit the orc warrior.
The orc warrior is moderately wounded.
The orc warrior hits you with a +1 flail of protection!
There is a stone staircase leading up here.
The orc warrior hits you with a +1 flail of protection!
* * * LOW HITPOINT WARNING * * *
You climb upwards.
There is a stone staircase leading down here.
You hit the orc warrior but do no damage.
The orc warrior is moderately wounded.
You closely miss the orc warrior.
The orc warrior is moderately wounded.
The orc warrior barely misses you.
You hit the orc warrior.
The orc warrior is moderately wounded.
The orc warrior hits you with a +1 flail of protection!
* * * LOW HITPOINT WARNING * * *
A red film seems to cover your vision as you go berserk!
You feel yourself moving faster!
You feel mighty!
The orc warrior hits you with a +1 flail of protection.
* * * LOW HITPOINT WARNING * * *
You hit the orc warrior.
The orc warrior is heavily wounded.
You hit the orc warrior but do no damage.
The orc warrior is heavily wounded.
The orc warrior closely misses you.
You hit the orc warrior but do no damage.
The orc warrior is heavily wounded.
You hit the orc warrior.
The orc warrior is severely wounded.
The orc warrior closely misses you.
You barely miss the orc warrior.
The orc warrior is severely wounded.
You closely miss the orc warrior.
The orc warrior is severely wounded.
The orc warrior hits you with a +1 flail of protection!
You die...

..........####.#.# #.##.##...##..
##.#.###...)#..#.# #.##.##...##.#
...#.# #..#.#..#.# #.##.##...#..#
.###÷###.......#.# #.##.######.##
.###.....#.....#.# #.#....# ##.##
.#......##.#.....# #.##.#.###..##
''.........#####.###..........###
........########'##.......##### #
...###### #....@...####### # ...#
#...o..### ...# #......# ...#
#......# ...# ######## ...# ...#
...# ####


You could see an orc warrior.

Vanquished Creatures
  Sigmund (D:4)
  A black bear (D:4)
  A phantom (D:5)
  Blork the orc (D:6)
  A necrophage (D:5)
  A bullfrog (D:6)
  A scorpion (D:5)
  3 water moccasin zombies (Ossuary)
  A wight (Ossuary)
  A howler monkey (D:4)
  A bullfrog zombie (Ossuary)
  A human zombie (Ossuary)
  4 centaur zombies (Ossuary)
  A jelly (D:5)
  4 orc priests
  5 hounds
  2 iguanas
  An orc wizard (D:5)
  2 scorpion zombies (Ossuary)
  An ogre zombie (Ossuary)
  9 adders
  3 gnolls (D:5)
  2 adder zombies (Ossuary)
  25 orcs
  5 ball pythons
  8 endoplasms
  4 giant cockroaches
  3 gnoll zombies (Ossuary)
  6 goblins
  6 hobgoblins
  5 jackals
  A quokka (D:2)
  5 bats
  2 frilled lizards (D:1)
  5 goblin zombies (Ossuary)
  2 hobgoblin zombies (Ossuary)
  9 kobolds
  5 orc zombies (Ossuary)
  5 rats
144 creatures vanquished.

Vanquished Creatures (others)
  11 fungi (D:4)
11 creatures vanquished.

Grand Total: 155 creatures vanquished

Notes
Turn   | Place    | Note
-------+----------+-------------------------------------------
     0 | D:1      | KittyFluff the Gargoyle Berserker began the quest for the
                  | Orb.
     0 | D:1      | Reached XP level 1. HP: 14/14 MP: 1/1
   245 | D:1      | Found a faded altar of an unknown god.
   418 | D:1      | Reached XP level 2. HP: 6/19 MP: 2/2
  1256 | D:2      | Reached XP level 3. HP: 18/24 MP: 3/3
  1443 | D:2      | Reached ** piety under Trog
  1531 | D:2      | Found an ancient bone altar of Kikubaaqudgha.
  2294 | D:3      | Reached XP level 4. HP: 29/29 MP: 4/4
  2326 | D:3      | Reached skill level 1 in Shields
  2601 | D:3      | Reached skill level 4 in Maces & Flails
  2813 | D:3      | Reached XP level 5. HP: 33/33 MP: 5/5
  2819 | D:3      | Reached skill level 1 in Stealth
  3164 | D:4      | Identified the +10 whip "Vuf Maho" {vorpal, rN+}
  3191 | D:4      | Noticed a black bear
  3199 | D:4      | Killed a black bear
  3200 | D:4      | Reached XP level 6. HP: 31/38 MP: 6/6
  3203 | D:4      | Found a sand-covered staircase.
  3244 | Ossuary  | Entered an ossuary
  3372 | Ossuary  | Reached skill level 5 in Maces & Flails
  3383 | Ossuary  | Reached XP level 7. HP: 31/44 MP: 7/7
  3619 | Ossuary  | Reached *** piety under Trog
  3722 | Ossuary  | Noticed a silent spectre
  3731 | Ossuary  | Reached skill level 6 in Maces & Flails
  3947 | D:4      | Found a staircase to the Ecumenical Temple.
  4012 | D:4      | Reached XP level 8. HP: 25/48 MP: 8/8
  4468 | D:4      | Noticed Sigmund
  4472 | D:4      | Killed Sigmund
  4570 | D:4      | Reached skill level 5 in Armour
  5003 | D:5      | Entered Level 5 of the Dungeon
  5018 | D:5      | Reached skill level 5 in Fighting
  5277 | D:5      | Reached skill level 7 in Maces & Flails
  5662 | D:5      | Reached **** piety under Trog
  5882 | D:6      | Noticed Blork the orc
  5891 | D:6      | Killed Blork the orc
  5968 | D:6      | Reached XP level 9. HP: 54/54 MP: 9/9
  6000 | D:5      | HP: 1/54 [orc warrior/+1 flail of protection (16)]
  6007 | D:5      | Mangled by an orc warrior

Illustrated notes

Levels and vault maps discovered:
D:1:      roderic_chinese_lattice_arrival, layout_loops_corners,
          dreamdust_ecumenical_altar_statues
D:2:      layout_basic, basic_altar, kennysheep_generic_room_16
D:3:      layout_basic, minmay_checkerbox
D:4:      layout_basic, temple_green, nicolae_ossuary_entry_plus,
          serial_aquarium, aquarium_bridge_square [aquarium_subvault_window,
          aquarium_subvault_window, aquarium_subvault_window,
          aquarium_subvault_bridge], aquarium_bridge_long_joined
          [aquarium_subvault_bridge, aquarium_subvault_wall,
          aquarium_subvault_wall, aquarium_subvault_window,
          aquarium_subvault_wall, aquarium_subvault_bridge],
          aquarium_window_corridor_3, aquarium_window_1, aquarium_window_1,
          aquarium_view_2c, aquarium_view_2b, aquarium_balcony_double_4,
          aquarium_pool_double, kennysheep_diamond, uniq_sigmund
D:5:      layout_basic
D:6:      layout_basic, mainiacjoe_overflow_boulevard, uniq_blork_the_orc

Skill      XL: |  1  2  3  4  5  6  7  8 |
---------------+-------------------------+-----
Dodging        | 2 3 |  3.5
Armour         | 3 4 5 |  5.7
Shields        | 1 2 3 4 |  4.2
Maces & Flails | 4 5 6 7 |  7.5
Fighting       | 4 5 |  5.3
Stealth        | 1 2 |  2.6

Action                   |  1- 3 |  4- 6 |  7- 9 || total
-------------------------+-------+-------+-------++-------
Melee: Mace              |   130 |    81 |       ||   211
       Whip              |       |    48 |   192 ||   240
Invok: Berserk           |       |     3 |       ||     3
  Use: Scroll            |     3 |       |     4 ||     7
       Potion            |       |       |     1 ||     1
 Stab: Sleeping          |       |       |     1 ||     1
Armor: Animal skin       |    52 |    41 |    36 ||   129
       Leather armour    |       |       |    17 ||    17
Dodge: Dodged            |    90 |    74 |    82 ||   246
Block: Buckler           |    17 |    17 |    30 ||    64
